AoeStats
← MongoJuice

Arena

504260238Analyzed
2v2 RM · 29d ago on Sep 4, 2026· 26m 0s· 4 players
Game mode
Random Map
Map size
Medium (4 player)
Population
200
Speed
Normal
Resources
Standard
Victory
Conquest
Starting age
Dark Age
Ending age
Imperial Age
RankedLock teamsTeams togetherTeam positionsShared explorationLock speedFull tech treeHidden civsTurbo modeCheats
Victory
Defeat
🇮🇹 Bulgarians · Italy
1178
+17
🇫🇷 Spanish · France
1134
+19
🇨🇳 Turks · China
1236
-20
🇨🇳 Spanish · China
1149
-16
Why
11:12 Feudal Age
12:30 Double-Bit Axe
15:03 Castle Age
12:53 Loom
13:28 Horse Collar
22:20 Padded Archer Armor
25:14 Leather Archer Armor
MongoJuice
11:22 Feudal Age
12:45 Feudal Age
12:55 Loom
16:17 Castle Age
14:10 Double-Bit Axe
17:02 Horse Collar
17:30 Padded Archer Armor
17:55 Gold Mining
24:30 Bow Saw
asgaffo
10:05 Feudal Age
15:21 Castle Age
13:33 Double-Bit Axe
15:15 Loom
16:56 Bow Saw
dorshiffe10
10:17 Feudal Age
11:40 Loom
14:53 Castle Age
13:20 Double-Bit Axe
15:32 Fletching
17:11 Bow Saw
19:14 Horse Collar
22:00 Wheelbarrow
22:51 Heavy Plow
Connection lost

Rejoining the realm…

Still unreachable

The connection could not be restored.

Session expired

The server has moved on; the page needs a fresh start.